 Dungeon Crawl Stone Soup version 0.30.1-11-g7821555f0a (webtiles) character file.

Game seed: 7963462252182015271

283 Dvallin the Cudgeller (level 6, 51/51 HPs)
             Began as a Gnoll Reaver on Dec 5, 2023.
             Quit the game on level 3 of the Dungeon.
             The game lasted 00:07:01 (2676 turns).

Dvallin the Cudgeller (Gnoll Reaver)                Turns: 2676, Time: 00:07:01

Health: 51/51      AC:  6    Str: 14    XL:     6   Next: 28%
Magic:  14/14      EV: 16    Int: 12    God:
Gold:   122        SH:  0    Dex: 10    Spells: 12/15 levels left

rFire   . . .        w - +4 scythe (freeze)
rCold   . . .        (shield currently unavailable)
rNeg    . . .        m - +0 ring mail
rPois   .            (no helmet)
rElec   .            r - +0 cloak
rCorr   .            (no gloves)
SInv    .            (no boots)
Will    .....        (no amulet)
Stlth   +            u - +5 ring of evasion
HPRegen 0.28/turn    h - ring of wizardry
MPRegen 0.14/turn

%: wizardry (x1)
@: no status effects
A: fangs 1, strong nose, distributed training
a: no special abilities


You were on level 3 of the Dungeon.
You visited 1 branch of the dungeon, and saw 3 of its levels.

You collected 122 gold pieces.

Inventory:

Hand Weapons
 a - a +0 mace
 g - a +0 sling
 j - a +0 long sword
 q - a +1 short sword of venom
 w - a +4 scythe of freezing (weapon)
Missiles
 x - a throwing net
Armour
 b - a +0 leather armour
 m - a +0 ring mail (worn)
 r - a +0 cloak (worn)
Jewellery
 h - a ring of wizardry (right hand)
 u - a +5 ring of evasion (left hand)
Wands
 v - a wand of iceblast (3)
Scrolls
 d - a scroll of poison {unknown}
 e - a scroll of butterflies {unknown}
 f - 3 scrolls of identify {unknown}
 k - a scroll of magic mapping {unknown}
 n - a scroll of blinking {unknown}
 o - a scroll of immolation {unknown}
 p - a scroll of fog {unknown}
 s - a scroll of vulnerability {unknown}
 t - 3 scrolls of torment {unknown}
Potions
 c - a potion of lignification {unknown}
 i - 3 potions of resistance {unknown}
 l - 4 potions of might {unknown}
 z - a potion of brilliance {unknown}
 A - a potion of degeneration {unknown}


   Skills:
 + Level 5.0 Fighting
 + Level 2.0 Short Blades
 + Level 2.0 Long Blades
 + Level 2.0 Axes
 + Level 6.8 Maces & Flails
 + Level 2.0 Polearms
 + Level 2.0 Staves
 + Level 2.0 Ranged Weapons
 + Level 2.0 Throwing
 + Level 2.0 Armour
 + Level 5.0 Dodging
 + Level 2.0 Stealth
 + Level 2.0 Shields
 + Level 2.0 Unarmed Combat
 + Level 5.4 Spellcasting
 + Level 5.6 Conjurations
 + Level 1.5 Hexes
 + Level 1.5 Summonings
 + Level 1.5 Necromancy
 + Level 1.5 Translocations
 + Level 1.5 Transmutations
 + Level 1.5 Fire Magic
 + Level 1.5 Ice Magic
 + Level 1.5 Air Magic
 + Level 1.5 Earth Magic
 + Level 1.5 Poison Magic
 + Level 2.2 Invocations
 + Level 2.0 Evocations


You had 12 spell levels left.
You knew the following spells:

 Your Spells              Type           Power      Damage    Failure   Level
a - Kiss of Death         Conj/Necr      44%        2d8       3%          1
b - Momentum Strike       Conj/Tloc      22%        3d8       5%          2

Your spell library contained the following spells:

 Spells                   Type           Power      Damage    Failure   Level
 Hailstorm                Conj/Ice       11%        3d5       11%         3


Dungeon Overview and Level Annotations

Branches:
Dungeon (3/15)

Altars:
Dithmenos
Uskayaw

Shops:
D:3 :

Annotations:
D:3 2 transporters


Innate Abilities, Weirdness & Mutations

You have very sharp teeth.
Your uncanny sense of smell can sniff out nearby items.
Your experience applies equally to all skills.


Message History

A goblin comes into view. It is wielding a +0 club.
Found a robe.
Found a stone staircase leading down.
A goblin is nearby!
A goblin is nearby!
You reach to attack!
You slash the goblin! You freeze the goblin.
You kill the goblin!
Your life force feels restored.
No target in view!
No target in view!
The ogre shouts!
The white imp shouts, "Bolt, thou worthless weevil-witted slabber!"
The white imp shouts, "Fly, thou cockered beef-witted lewdster!"
Found a +0 dagger.
The iguana hisses angrily.
Found a transporter.
The white imp lashes its tail.
There is a transporter here.
The goblin shouts!
A hobgoblin comes into view.
The hobgoblin shouts!
There is a transporter landing site here.
A hobgoblin is nearby!
A hobgoblin is nearby!
A hobgoblin is nearby!
Found a rapier.
You reach to attack!
You closely miss the hobgoblin. The hobgoblin closely misses you.
You barely miss the hobgoblin.
The hobgoblin hits you but does no damage.
You closely miss the hobgoblin. The hobgoblin hits you.
You barely miss the hobgoblin. Your bite misses the hobgoblin.
The white imp summons a swarm of flies.
The hobgoblin completely misses you. The hobgoblin barely misses you.
You hit the hobgoblin. You freeze the hobgoblin.
You kill the hobgoblin!
Failed to move towards target.
Partly explored, unvisited transporter.
Partly explored, unvisited transporter.
Partly explored, unvisited transporter.
Are you sure you want to abandon this character and quit the game? (Confirm with "yes".)

######...#.........)>...#......##
..<......#.........##.#.#...####
######.............##.#.#...#
######.....###.#........##.##
.....##..#####.............#
####.##..........#P#####P..#
#.##...######.#..PP.....#
#.###..# ##.P....).P..# #.#
#..#####.@..P....#..# ####.#
#..#..........[..#..# .....#
#...............P#..# #.####
#..#.####.P......#..# #.#
#.........########..# ..#
#..#.####...........# ..#
#.(......>###.......#
..######..#.###.## ##.######
..........#....## ##>#


There were no monsters in sight!

Vanquished Creatures
  Sigmund (D:3)
  An orc wizard (D:3)
  4 gnolls (D:3)
  2 worms (D:3)
  2 dart slugs
  5 orcs
  8 bats
  4 endoplasms
  6 giant cockroaches
  4 goblins
  A hobgoblin (D:3)
  3 quokkas
  3 ball pythons
  5 frilled lizards
  4 kobolds
  4 rats (D:2)
57 creatures vanquished.

Notes
Turn   | Place    | Note
-------+----------+-------------------------------------------
     0 | D:1      | Dvallin the Gnoll Reaver began the quest for the Orb.
     0 | D:1      | Reached XP level 1. HP: 20/20 MP: 6/6
   230 | D:1      | Reached XP level 2. HP: 22/26 MP: 7/7
  1035 | D:2      | Found a faded altar of an unknown god.
  1127 | D:2      | Reached skill level 5 in Spellcasting
  1127 | D:2      | Reached XP level 3. HP: 31/31 MP: 7/9
  1459 | D:2      | Reached skill level 1 in Invocations
  1868 | D:3      | Found a hide-covered altar of Uskayaw.
  2030 | D:3      | Learned a level 2 spell: Momentum Strike
  2086 | D:3      | Found Ashreemiw's Book Boutique.
  2092 | D:3      | Reached skill level 1 in Short Blades
  2092 | D:3      | Reached skill level 1 in Long Blades
  2092 | D:3      | Reached skill level 1 in Axes
  2092 | D:3      | Reached skill level 1 in Polearms
  2092 | D:3      | Reached skill level 1 in Staves
  2092 | D:3      | Reached skill level 1 in Ranged Weapons
  2092 | D:3      | Reached skill level 1 in Throwing
  2092 | D:3      | Reached skill level 1 in Armour
  2092 | D:3      | Reached skill level 1 in Stealth
  2092 | D:3      | Reached skill level 1 in Shields
  2092 | D:3      | Reached skill level 1 in Unarmed Combat
  2092 | D:3      | Reached skill level 1 in Evocations
  2145 | D:3      | Noticed Sigmund
  2156 | D:3      | Killed Sigmund
  2157 | D:3      | Reached skill level 1 in Hexes
  2157 | D:3      | Reached skill level 1 in Summonings
  2157 | D:3      | Reached skill level 1 in Necromancy
  2157 | D:3      | Reached skill level 1 in Translocations
  2157 | D:3      | Reached skill level 1 in Transmutations
  2157 | D:3      | Reached skill level 1 in Fire Magic
  2157 | D:3      | Reached skill level 1 in Ice Magic
  2157 | D:3      | Reached skill level 1 in Air Magic
  2157 | D:3      | Reached skill level 1 in Earth Magic
  2157 | D:3      | Reached skill level 1 in Poison Magic
  2157 | D:3      | Reached XP level 4. HP: 34/38 MP: 7/11
  2157 | D:3      | Reached XP level 5. HP: 39/43 MP: 7/12
  2191 | D:3      | Reached XP level 6. HP: 33/46 MP: 6/13
  2269 | D:3      | Reached skill level 5 in Fighting
  2269 | D:3      | Reached skill level 5 in Dodging
  2331 | D:3      | Found a shadowy altar of Dithmenos.
  2334 | D:3      | Found a transporter.
  2623 | D:3      | Found a transporter.
  2676 | D:3      | Quit the game

Illustrated notes

Levels and vault maps discovered:
D:1:      amcnicky_arrival_feature_with_door, layout_loops_ring
D:2:      layout_loops_cross, ebering_ecumenical_altar_rust,
          serial_co_window_serial, co_window_paths_a, co_window_paths_a,
          co_window_paths_a, co_window_paths_a, co_window_paths_b,
          co_window_paths_c, co_window_broadway_c, co_window_2corner,
          co_window_unsneaky_path_c, co_window_corner_cb, co_window_4corner_b,
          co_window_paths_d, glass_columns_a, glass_columns_c
D:3:      cheibrodos_old_hovel, layout_loops_ring, general_overflow_altar,
          gammafunk_temple_overflow_arena, serial_shops, shop, uniq_sigmund

Skill      XL: |  1  2  3  4  5  6 |
---------------+-------------------+-----
Spellcasting   | 5 |  5.4
Invocations    | 1 2 |  2.2
Short Blades   | 1 2 |  2.0
Long Blades    | 1 2 |  2.0
Axes           | 1 2 |  2.0
Polearms       | 1 2 |  2.0
Staves         | 1 2 |  2.0
Ranged Weapons | 1 2 |  2.0
Throwing       | 1 2 |  2.0
Armour         | 1 2 |  2.0
Stealth        | 1 2 |  2.0
Shields        | 1 2 |  2.0
Unarmed Combat | 1 2 |  2.0
Evocations     | 1 2 |  2.0
Hexes          | 1 |  1.5
Summonings     | 1 |  1.5
Necromancy     | 1 |  1.5
Translocations | 1 |  1.5
Transmutations | 1 |  1.5
Fire Magic     | 1 |  1.5
Ice Magic      | 1 |  1.5
Air Magic      | 1 |  1.5
Earth Magic    | 1 |  1.5
Poison Magic   | 1 |  1.5
Fighting       | 5 |  5.0
Dodging        | 5 |  5.0
Maces & Flails | |  6.8
Conjurations   | |  5.6

Action                     |  1- 3 |  4- 6 || total
---------------------------+-------+-------++-------
  Melee: Mace              |    39 |       ||    39
         Bite              |     2 |     2 ||     4
         Short sword       |     5 |    26 ||    31
         Halberd           |       |    21 ||    21
   Fire: Sling             |   120 |    12 ||   132
   Cast: Momentum Strike   |     5 |     1 ||     6
         Kiss of Death     |       |     1 ||     1
   Stab: Sleeping          |       |     1 ||     1
 Armour: Leather armour    |    12 |       ||    12
         Ring mail         |    15 |     8 ||    23
  Dodge: Dodged            |    70 |    35 ||   105
